 Dungeon Crawl Stone Soup version 0.31-a0-1597-ge7908ec (webtiles) character file.

Game seed: 15691520974078237738

4 porkupine the Apothecary (level 1, -2/1 HPs)
             Began as a Demonspawn Alchemist on Jan 6, 2024.
             Killed from afar by a dart slug (3 damage)
             ... with a slug dart
             ... on level 1 of the Dungeon.
             The game lasted 00:01:11 (198 turns).

porkupine the Apothecary (Demonspawn Alchemist)      Turns: 198, Time: 00:01:11

Health: -2/1       AC:  0    Str:  8    XL:     1   Next: 58%
Magic:  3/3        EV: 12    Int: 15    God:
Gold:   34         SH:  0    Dex: 13    Spells: 3/4 levels left

rFire   . . .        (weapon currently unavailable)
rCold   . . .        (shield currently unavailable)
rNeg    . . .        a - melded +0 robe
rPois   ∞            (helmet currently unavailable)
rElec   +            (cloak currently unavailable)
rCorr   .            (gloves currently unavailable)
SInv    .            (boots currently unavailable)
Will    .....        (no amulet)
Stlth   ++           (no ring)
HPRegen 0.20/turn    (no ring)
MPRegen 0.08/turn

%: no passive effects
@: storm-form, flying
A: cleaving, insubstantial, flying, reduced hp
a: Blinkbolt, Begin Untransformation


You were on level 1 of the Dungeon.
You were a lightning-filled tempest!
You visited 1 branch of the dungeon, and saw 1 of its levels.

You collected 34 gold pieces.

Inventory:

Armour
 a - a +0 robe (melded)
Talismans
 e - a storm talisman (active)
Scrolls
 c - a scroll of brand weapon {unknown}
 d - a scroll of blinking {unknown}
Potions
 b - a potion of magic


   Skills:
 + Level 0.2 Fighting
 + Level 1.8 Dodging
 + Level 1.8 Stealth
 * Level 2.1 Spellcasting
 - Level 1.0 Conjurations
 + Level 3.0 Alchemy


You had 3 spell levels left.
You knew the following spells:

 Your Spells              Type           Power      Damage    Failure   Level
a - Sting                 Conj/Alch      28%        1d4       10%         1

Your spell library contained the following spells:

 Spells                   Type           Power      Damage    Failure   Level
 Mercury Vapours          Alch/Air       12%        N/A       19%         2
 Mephitic Cloud           Conj/Alch/Air  5%         N/A       36%         3
 Olgreb's Toxic Radiance  Alch           10%        N/A       52%         4
 Sticky Flame             Fire/Alch      6%         2d4       75%         4


Dungeon Overview and Level Annotations

Branches:
Dungeon (1/15)

Altars:


Message History

Casting: Sting (safe; 10% risk of failure)
Confirm with . or Enter, or press ? or * to list all spells.
Aiming: Sting (safe; 10% risk of failure)
Press: ? - help, Shift-Dir - straight line, f/p - endoplasm
Aim: an endoplasm (moderately wounded, 97% to hit)
The sting hits the endoplasm.
The endoplasm is poisoned.
The endoplasm is heavily wounded.
You hit the endoplasm.
You kill the endoplasm!
Magic restored.
You now have 34 gold pieces (gained 13).
d - a scroll labelled ZAOSTI NUUM
Found a storm talisman.
You see here a storm talisman.
e - a storm talisman Sorry, you're not good enough to have a special ability.
You begin transforming.
You continue transforming. x3
You turn into a lightning-filled tempest!
Your +0 robe melds into your body.
HP restored.
The helpless hobgoblin fails to defend itself.
You hit the hobgoblin but do no damage. The hobgoblin completely misses you.
You hit the hobgoblin.
The hobgoblin is heavily wounded.
The hobgoblin misses you.
You barely miss the hobgoblin.
The hobgoblin is heavily wounded.
The hobgoblin closely misses you.
You hit the hobgoblin.
The hobgoblin is almost dead.
The hobgoblin barely misses you.
You hit the hobgoblin.
Lightning courses through the hobgoblin!!
You kill the hobgoblin!
A rat comes into view.
The rat squeaks loudly.
Found an escape hatch in the floor.
The dart slug launches a dart at you. The slug dart hits you.
Ouch! That really hurt!
You die...

######..##.######.
........##.# #.
######..##.# #.
#..##.### #.
######..##...## #.
#.............###.
####..##.............
#.............#.#.#..
#.##v.##.....##......
# #..###..†###.#.#..
#..# #............
#..# #...###..###.
#..# #............
#r...........#####
..w[.#.#.###.### #
.>.....#.##....### #
.# #..........


You could see a dart slug and a rat.

Vanquished Creatures
  A ball python (D:1)
  An endoplasm (D:1)
  A hobgoblin (D:1)
  A frilled lizard (D:1)
4 creatures vanquished.

Notes
Turn   | Place    | Note
-------+----------+-------------------------------------------
     0 | D:1      | porkupine the Demonspawn Alchemist began the quest for the
                  | Orb.
     0 | D:1      | Reached XP level 1. HP: 13/13 MP: 3/3
   198 | D:1      | Killed from afar by a dart slug

Illustrated notes

Levels and vault maps discovered:
D:1:      eino_arrival_druids_welcome, layout_loops_ring, serial_glass,
          glass_columns_a, glass_columns_a, dreamdust_ecumenical_altar_statues,
          serial_shops, nicolae_shop_peninsula

Action                     || total
---------------------------++-------
  Melee: Unarmed           ||     6
   Cast: Sting             ||     6
   Stab: Sleeping          ||     1
 Armour: Skin              ||     1
  Dodge: Dodged            ||     7
   Form: Storm             ||     1

Table legend: (Time is in decaauts)
 A = Elapsed time spent in this place.
 B = Non-inter-level travel time spent in this place.
 C = Inter-level travel time spent in this place.
 D = Time resting spent in this place.
 E = Time spent auto-exploring this place.
 F = Levels seen in this place.
 G = Mean time per level.
                   A        B        C        D        E       F      G
               +--------+--------+--------+--------+--------+-----+--------+
         Total |    198 |    198 |      0 |      2 |    128 |   1 |  198.0 |
       Dungeon |    198 |    198 |      0 |      2 |    128 |   1 |  198.0 |
               +--------+--------+--------+--------+--------+-----+--------+

Top non-repeatable levels by time:
     D:1: 198 daAuts
